Map: Abyssal Reef LE

Players

MaNa - Winner!

  • Race: Protoss Protoss
  • Spawn Location: 11:00

Has

  • Race: Protoss Protoss
  • Spawn Location: 5:00

Event: WCS Austin 2017

VOD

Have the link to the VOD?

Description

Time

  • Played on: April 28, 2017, 7:57 p.m.
  • Length: 5:07

All games in this series

Show
View Real Time Build Order
Export as new Build Order

MaNa Protoss - Winner!

Build Orders:  

Get SALT Encoding   

  12  0:00  Probe (Chrono Boost)  
  13  0:11  Probe (Chrono Boost)  
  14  0:17  Pylon  
  14  0:22  Probe (Chrono Boost)  
  15  0:35  Probe (Chrono Boost), Gateway  
  16  0:42  Assimilator  
  16  0:46  Probe (Chrono Boost)  
  17  0:53  Assimilator  
  17  0:56  Probe (Chrono Boost)  
  18  1:03  Gateway  
  18  1:07  Probe (Chrono Boost)  
  19  1:17  Probe (Chrono Boost)  
  20  1:25  Cybernetics Core  
  20  1:28  Probe (Chrono Boost)  
  21  1:34  Pylon  
  21  1:38  Probe (Chrono Boost)  
  22  1:49  Probe (Chrono Boost)  
  23  1:55  Warp Gate  
  23  1:58  Stalker  
  23  2:00  Stalker  
  28  2:01  Probe (Chrono Boost)  
  28  2:13  Probe (Chrono Boost)  
  29  2:15  Pylon  
  29  2:27  Mothership Core (Chrono Boost)  
  31  2:33  Stalker x2  
  35  3:02  Pylon  
  35  3:03  Stalker x2  
  39  3:27  Pylon  
  39  3:31  Nexus  
  39  3:48  Robotics Facility  
  40  3:49  Probe (Chrono Boost)  
  39  4:02  Stalker x2  
  42  4:08  Probe (Chrono Boost)  
  43  4:17  Pylon  
  43  4:26  Sentry x2  
  43  4:30  Gateway  
  47  4:31  Pylon  
  49  4:53  Stalker  
  49  4:56  Stalker  
Show
View Real Time Build Order
Export as new Build Order

Has Protoss 

Build Orders: Oracle Opening 

Get SALT Encoding   

  12  0:00  Probe (Chrono Boost)  
  13  0:11  Probe (Chrono Boost)  
  14  0:17  Pylon  
  14  0:22  Probe (Chrono Boost)  
  16  0:35  Probe (Chrono Boost)  
  16  0:36  Gateway  
  16  0:46  Assimilator, Probe (Chrono Boost)  
  17  0:56  Probe (Chrono Boost)  
  18  0:58  Assimilator  
  18  1:07  Probe (Chrono Boost)  
  19  1:12  Gateway  
  19  1:17  Probe (Chrono Boost)  
  20  1:24  Cybernetics Core  
  20  1:28  Probe (Chrono Boost)  
  21  1:32  Pylon  
  21  1:38  Probe (Chrono Boost)  
  22  1:49  Probe (Chrono Boost)  
  22  1:51  Warp Gate  
  23  2:00  Adept x2  
  27  2:09  Stargate  
  27  2:27  Stalker x2  
  31  2:33  Pylon  
  31  2:49  Oracle  
  34  2:58  Gateway  
  34  3:02  Stalker  
  37  3:09  Pylon  
  36  3:14  Stalker  
  34  3:33  Probe (Chrono Boost)  
  35  3:37  Gateway  
  35  4:01  Stalker  
  35  4:02  Stalker x2  
  40  4:06  Pylon  
  38  4:28  Mothership Core (Chrono Boost)  
  38  4:29  Stalker x3  
  32  4:47  Probe (Chrono Boost)  
  31  5:04  Stalker  
Tags
 
Add a new tag
Caveats
  • Supply blocks, unpowered buildings, or Contaminate may cause inaccurate times.
  • Supply counts are checked every 10 seconds.